AoeStats
← Brodo Swaggins

Scandinavia

510302434Analyzed
1v1 RM · 2d ago on Sep 30, 2026· 69m 59s· 2 players
Game mode
Random Map
Map size
Tiny (2 player)
Population
200
Speed
Normal
Resources
Standard
Victory
Conquest
Starting age
Dark Age
Ending age
Imperial Age
RankedLock teamsTeams togetherTeam positionsShared explorationLock speedFull tech treeHidden civsTurbo modeCheats
Victory
Defeat
🇬🇧 Bohemians · United Kingdom
1430
+18
🇲🇽 Sicilians · Mexico
1473
-18
Brodo Swaggins
8:51 Loom
11:05 Feudal Age
12:06 Double-Bit Axe
12:04 Fishing Lines
12:02 Man-at-Arms
14:14 Horse Collar
16:53 Wheelbarrow
23:31 Castle Age
24:24 Medium Warships
24:41 Pikeman
27:54 Imperial Age
26:13 Scale Mail Armor
26:36 Squires
27:07 Bow Saw
28:23 Chemistry
29:24 Heavy Plow
33:12 Fletching
33:44 Padded Archer Armor
34:57 Bodkin Arrow
36:08 Hand Cart
35:42 Town Watch
37:39 Fervor
37:49 Sanctity
38:12 Conscription
38:46 Bracer
39:01 Leather Archer Armor
39:37 Masonry
39:24 Murder Holes
40:57 Wagenburg Tactics
42:44 Ring Archer Armor
42:19 Scale Barding Armor
42:31 Halberdier
42:57 Arson
43:00 Light Cavalry
43:41 Husbandry
44:40 Ballistics
44:54 Chain Mail Armor
46:54 Plate Mail Armor
48:36 Siege Engineers
48:16 Elite Hussite Wagon
49:29 Forging
49:40 Chain Barding Armor
51:56 Architecture
54:29 Iron Casting
56:38 Blast Furnace
63:27 Two-Man Saw
63:39 Guilds
64:18 Town Patrol
68:03 Heavy Warships
67:53 Spies/Treason
69:26 Careening
69:26 Clinker Construction
69:23 Siphons
69:39 Houfnice
NecroSorcererII
5:21 Loom
10:28 Feudal Age
11:24 Double-Bit Axe
13:43 Scale Barding Armor
21:06 Castle Age
21:15 Demolition Ship
23:43 Wheelbarrow
25:02 Bow Saw
27:06 Scale Mail Armor
30:18 Chain Mail Armor
31:09 Forging
36:23 Imperial Age
34:02 Squires
33:33 Elite Skirmisher
35:01 Hand Cart
35:52 Fletching
36:05 Padded Archer Armor
35:50 Horse Collar
36:50 Heavy Plow
37:52 First Crusade
37:05 Capped Ram
39:26 Bodkin Arrow
40:49 Ballistics
41:30 Chemistry
41:33 Bracer
40:58 Cavalier
41:51 Bloodlines
41:48 Hauberk
42:05 Conscription
41:50 Gold Mining
42:32 Crop Rotation
42:44 Husbandry
43:18 Leather Archer Armor
43:15 Siege Ram
45:00 Chain Barding Armor
46:39 Elite Serjeant
48:33 Plate Barding Armor
47:27 Light Cavalry
49:10 Hoardings
52:54 Iron Casting
52:43 Masonry
52:38 Siege Engineers
54:26 Pikeman
54:51 Gambesons
Connection lost

Rejoining the realm…

Still unreachable

The connection could not be restored.

Session expired

The server has moved on; the page needs a fresh start.